 Dungeon Crawl Stone Soup version 0.30-a0-782-ge64f9170bb (webtiles) character file.

Game seed: 4487591687809185328

1841 Leeroy the Carver (level 9, -1/61 HPs)
             Began as a Merfolk Gladiator on Feb 25, 2023.
             Was a Follower of Uskayaw.
             Engulfed by a steam dragon's steam (10 damage)
             ... on level 7 of the Dungeon.
             The game lasted 00:06:53 (6431 turns).

Leeroy the Carver (Merfolk Gladiator)               Turns: 6431, Time: 00:06:53

Health: -1/61      AC:  7    Str: 14    XL:     9   Next: 12%
Magic:  9/9        EV: 14    Int:  7    God:    Uskayaw [*.....]
Gold:   296        SH:  0    Dex: 20    Spells: 8/8 levels left

rFire   . . .      SeeInvis .    a - +0 long sword
rCold   + . .      Faith    .    (no shield)
rNeg    . . .      Spirit   .    B - +2 robe {rC+}
rPois   .          Reflect  .    c - +0 helmet
rElec   .          Harm     .    o - +1 cloak {rCorr}
rCorr   +          Rampage  .    (no gloves)
Will    .....                    (no boots)
Stlth   ++                       (no amulet)
HPRegen 0.30/turn                (no ring)
MPRegen 0.11/turn                (no ring)

@: lethally poisoned (-1 -> -3)
A: (nimble swimmer 2), mertail
a: Renounce Religion, Stomp


You were on level 7 of the Dungeon.
You worshipped Uskayaw.
Uskayaw was noncommittal.
You visited 2 branches of the dungeon, and saw 8 of its levels.

You collected 296 gold pieces.

Inventory:

Hand Weapons
 a - a +0 long sword (weapon)
 n - a +0 rapier
 F - a +0 dagger of protection
Missiles
 d - 2 throwing nets (quivered)
 e - a javelin
 v - 5 poisoned darts
Armour
 b - a +0 leather armour
 c - a +0 helmet (worn)
 i - a scarf of shadows
 o - a +1 cloak of preservation (worn)
 B - a +2 robe of cold resistance (worn)
Jewellery
 C - an amulet of faith
Wands
 r - a wand of polymorph (6)
Scrolls
 f - a scroll of enchant armour {unknown}
 h - a scroll of amnesia {unknown}
 k - 2 scrolls of identify {unknown}
 m - a scroll of fog {unknown}
 s - a scroll of fear {unknown}
 u - 3 scrolls of teleportation
 w - 2 scrolls of torment {unknown}
 x - 2 scrolls of acquirement {unknown}
 y - 2 scrolls of butterflies {unknown}
 D - a scroll of brand weapon {unknown}
 E - a scroll of poison {unknown}
Potions
 g - 2 potions of flight {unknown}
 j - a potion of might {unknown}
 l - 2 potions of cancellation {unknown}
 p - a potion of haste {unknown}
 q - 3 potions of brilliance {unknown}
 t - a potion of lignification {unknown}
 z - a potion of attraction {unknown}
 A - a potion of mutation {unknown}


   Skills:
 - Level 2.1 Fighting
 + Level 14.0 Long Blades
 - Level 2.0 Throwing
 - Level 4.0 Dodging


You had 8 spell levels left.
You didn't know any spells.
Your spell library contained the following spells:

 Spells                   Type           Power      Damage    Failure   Level
 Cigotuvi's Dreadful Rot  Necr/Pois/Air  0%         N/A       56%         2
 Inner Flame              Hex/Fire       0%         N/A       80%         3
 Dispel Undead            Necr           0%         3d6       99%         4
 Flame Wave               Conj/Fire      0%         2d4       99%         4
 Passage of Golubria      Tloc           0%         N/A       99%         4
 Sticky Flame             Conj/Fire      0%         2d3       99%         4
 Silence                  Hex/Air        0%         N/A       100%        5
 Death Channel            Necr           0%         N/A       100%        6
 Lehudib's Crystal Spear  Conj/Erth      0%         10d2      100%        8


Dungeon Overview and Level Annotations

Branches:
Dungeon (7/15)             Temple (1/1) D:6

Altars:
Ashenzari
Cheibriados
Dithmenos
Elyvilon
Fedhas
Gozag
Hepliaklqana
Kikubaaqudgha
Nemelex Xobeh
Okawaru
Qazlal
Ru
Sif Muna
Trog
Uskayaw
Vehumet
Wu Jian
Xom
Yredelemnul
The Shining One

Shops:
D:4 :

Annotations:
D:7 Dowan, Duvessa


Innate Abilities, Weirdness & Mutations

((You are very nimble when in or above water. (Stealth+, EV+, Speed+++)))
Your lower body shifts to a powerful aquatic tail in water.


Message History

You feel yourself slow down.
You miss the hornet.
The hornet is lightly wounded.
You feel very sick. The hornet closely misses you.
The kobold brigand throws a poisoned dart.
The poisoned dart barely misses you.
The hornet stings you but does no damage.
You hit the hornet but do no damage.
The hornet is lightly wounded.
You feel very sick.
The kobold brigand throws a poisoned dart.
The poisoned dart hits you!
You are more poisoned.
The hornet misses you.
A kobold comes into view. It is wielding a +0 short sword.
The kobold shouts!
You slash the hornet!
The hornet is heavily wounded.
Your surroundings suddenly seem different.
You feel very sick.
You can now pass through a line of other dancers.
Okay, then.
You feel yourself speed up.
You feel very sick.
You feel sick.
You feel sick.
You feel sick.
You feel sick.
A steam dragon is nearby!
A steam dragon is nearby!
A steam dragon is nearby!
You are too injured to fight recklessly!
You are too injured to fight recklessly!
You feel sick. The steam dragon breathes steam at you.
The ball of steam hits you!
* * * LOW HITPOINT WARNING * * *
You are engulfed in a cloud of scalding steam.
You die...

....e...........#
.................
........[........
?....$...........
.................
.$..# ....# ...#
####### .#
###§§@.<# .##
#..§.§### ..##
#...§.### ...#
....§§### ...#
....## .### ..D
## #. #


There were no monsters in sight!

Vanquished Creatures
  A steam dragon (D:6)
  A water moccasin (D:7)
  A sky beast (D:7)
  A black bear (D:5)
  An ogre (D:5)
  A centaur (D:6)
  Blork the orc (D:5)
  2 necrophages
  2 bullfrogs
  4 scorpions
  A jelly (D:5)
  3 orc priests
  5 hounds
  Crazy Yiuf (D:2)
  3 iguanas
  7 orc wizards
  A mummy (D:3)
  3 adders
  A white imp (D:5)
  3 ufetubi
  4 dart slugs
  12 orcs
  12 endoplasms
  5 giant cockroaches
  7 hobgoblins
  3 jackals (D:4)
  6 kobolds
  4 quokkas
  5 ball pythons
  4 bats
  5 frilled lizards
  8 goblins
  7 rats
125 creatures vanquished.

Notes
Turn   | Place    | Note
-------+----------+-------------------------------------------
     0 | D:1      | Leeroy the Merfolk Gladiator began the quest for the Orb.
     0 | D:1      | Reached XP level 1. HP: 16/16 MP: 1/1
    54 | D:1      | Reached skill level 4 in Long Blades
   120 | D:1      | Reached XP level 2. HP: 22/22 MP: 2/2
   380 | D:1      | Reached XP level 3. HP: 27/27 MP: 3/3
   391 | D:1      | Reached skill level 5 in Long Blades
  1094 | D:2      | Found a runed translucent door.
  1095 | D:2      | Noticed Crazy Yiuf
  1902 | D:2      | Killed Crazy Yiuf
  1903 | D:2      | Reached skill level 6 in Long Blades
  1903 | D:2      | Reached XP level 4. HP: 5/33 MP: 4/4
  2079 | D:3      | Noticed a scorpion
  2088 | D:3      | Killed a scorpion
  2089 | D:3      | Reached XP level 5. HP: 24/38 MP: 5/5
  2199 | D:3      | Reached skill level 7 in Long Blades
  2422 | D:3      | Found a snail-covered altar of Cheibriados.
  2824 | D:4      | Reached XP level 6. HP: 44/44 MP: 6/6
  2835 | D:4      | Reached skill level 8 in Long Blades
  3065 | D:4      | Found an opulent altar of Gozag.
  3066 | D:4      | Found a sparkling altar of Nemelex Xobeh.
  3445 | D:4      | Found Goleto's Book Shop.
  3678 | D:5      | Entered Level 5 of the Dungeon
  3746 | D:5      | Reached skill level 9 in Long Blades
  3789 | D:5      | Reached XP level 7. HP: 33/50 MP: 7/7
  3886 | D:5      | Noticed Blork the orc
  3900 | D:5      | Killed Blork the orc
  4120 | D:5      | Reached skill level 10 in Long Blades
  4310 | D:5      | Reached skill level 11 in Long Blades
  4409 | D:5      | Reached XP level 8. HP: 55/56 MP: 8/8
  4924 | D:6      | Reached skill level 12 in Long Blades
  5515 | D:6      | Found a staircase to the Ecumenical Temple.
  5546 | D:6      | Found a glowing golden altar of the Shining One.
  5650 | Temple   | Entered the Ecumenical Temple
  5816 | Temple   | Became a worshipper of Uskayaw the Reveller
  5881 | D:6      | Reached * piety under Uskayaw
  5884 | D:6      | Reached ** piety under Uskayaw
  5885 | D:6      | Reached skill level 13 in Long Blades
  6282 | D:7      | Noticed Duvessa
  6283 | D:7      | Noticed Dowan
  6327 | D:7      | Noticed a hornet
  6353 | D:7      | Reached XP level 9. HP: 53/61 MP: 9/9
  6359 | D:7      | Reached *** piety under Uskayaw
  6363 | D:7      | Reached **** piety under Uskayaw
  6380 | D:7      | Reached ***** piety under Uskayaw
  6395 | D:7      | Reached skill level 14 in Long Blades
  6431 | D:7      | Engulfed by a steam dragon's steam

Illustrated notes

Levels and vault maps discovered:
D:1:      pf_arrival_petrified_forest, layout_loops_corners,
          amcnicky_mini_pool_small
D:2:      layout_loops_corners, dreamdust_mushroom_princess,
          uniq_crazy_yiuf_cottage
D:3:      layout_basic, slow_altar_2
D:4:      layout_cave_pools, grunt_temple_overflow_opulence, serial_shops, shop,
          minivault_19, fountainhead, st_stairs_1
D:5:      layout_loops_ring, uniq_blork_the_orc
D:6:      layout_loops_ring, amcnicky_altar_gilded, minmay_temple_entry_trees,
          kennysheep_generic_room_2
D:7:      layout_cave_pools, chequers_ossuary_entry_cave, minmay_crossroads,
          uniq_prince_ribbit1, uniq_duvessa
Temple:   eino_temple_scatter_basement

Skill      XL: |  1  2  3  4  5  6  7  8  9 |
---------------+----------------------------+-----
Long Blades    | 4 6 7 9 11 13 14 | 14.0
Fighting       | |  2.1
Throwing       | |  2.0
Dodging        | |  4.0

Action                     |  1- 3 |  4- 6 |  7- 9 || total
---------------------------+-------+-------+-------++-------
  Melee: Long sword        |    96 |   158 |   203 ||   457
         Punch             |     1 |     1 |     7 ||     9
  Throw: Throwing net      |     2 |       |       ||     2
    Use: Scroll            |       |       |     2 ||     2
   Stab: Sleeping          |     2 |     2 |     2 ||     6
         Paralysed         |       |       |     2 ||     2
 Armour: Leather armour    |    29 |    54 |       ||    83
         Robe              |       |       |    69 ||    69
  Dodge: Dodged            |    49 |    89 |   133 ||   271

Table legend: (Time is in decaauts)
 A = Elapsed time spent in this place.
 B = Non-inter-level travel time spent in this place.
 C = Inter-level travel time spent in this place.
 D = Time resting spent in this place.
 E = Time spent auto-exploring this place.
 F = Levels seen in this place.
 G = Mean time per level.
                   A        B        C        D        E       F      G
               +--------+--------+--------+--------+--------+-----+--------+
         Total |   6406 |   6107 |    299 |    235 |   4848 |   8 |  800.8 |
       Dungeon |   6226 |   5962 |    264 |    235 |   4721 |   7 |  889.4 |
        Temple |    179 |    144 |     35 |      0 |    127 |   1 |  179.0 |
               +--------+--------+--------+--------+--------+-----+--------+

Top non-repeatable levels by time:
     D:5: 1355 daAuts
     D:2: 1106 daAuts
     D:6: 1067 daAuts
     D:1: 976 daAuts
     D:4: 866 daAuts
     D:3: 742 daAuts
  Temple: 179 daAuts
     D:7: 111 daAuts
